 Dungeon Crawl Stone Soup version 0.31-a0-145-g046c7d2549 (webtiles) character file.

Game seed: 7553152249032335581

266 jlumianski the Ducker (level 6, -3/41 HPs)
             Began as a Djinni Fire Elementalist on June 5, 2023.
             Slain by a phantom (5 damage)
             ... on level 3 of the Dungeon.
             The game lasted 00:14:49 (2760 turns).

jlumianski the Ducker (Djinni Fire Elementalist)    Turns: 2760, Time: 00:14:50

Health: -3/41      AC:  7    Str:  7    XL:     6   Next: 44%
Gold:   202        EV: 13    Int: 19    God:
                   SH:  0    Dex: 13

rFire   + + .        b - +0 dagger
rCold   x . .        (no shield)
rNeg    + . .        a - +0 robe
rPois   ∞            k - +0 helmet
rElec   .            (no cloak)
rCorr   .            (no gloves)
SInv    .            (boots unavailable)
Will    .....        (no amulet)
Stlth   ++           x - ring of positive energy
HPRegen 0.26/turn    v - +4 ring of protection
MPRegen 0.00/turn

%: infuse magic (-4 HP)
@: flying
A: sickness immunity, fire resistance 2, cold vulnerability 1, float, innate
caster, HP casting, extra vitality 1
a: no special abilities


You were on level 3 of the Dungeon.
You visited 1 branch of the dungeon, and saw 6 of its levels.

You collected 202 gold pieces.

Inventory:

Hand Weapons
 b - a +0 dagger (weapon)
Missiles
 e - 2 boomerangs
 i - 7 poisoned darts
Armour
 a - a +0 robe (worn)
 d - a +0 pair of boots
 k - a +0 helmet (worn)
Magical Staves
 j - a staff of poison
Jewellery
 m - a +6 ring of strength
 v - a +4 ring of protection (right hand)
 x - a ring of positive energy (left hand)
Wands
 u - a wand of flame (13)
Scrolls
 c - 2 scrolls of teleportation {unknown}
 h - 2 scrolls of blinking {unknown}
 n - 2 scrolls of identify {unknown}
 o - a scroll of torment {unknown}
 q - a scroll of butterflies {unknown}
 w - a scroll of enchant armour {unknown}
 y - a scroll of immolation {unknown}
 z - a scroll of poison {unknown}
Potions
 f - 2 potions of degeneration {unknown}
 g - 2 potions of curing
 l - a potion of brilliance {unknown}
 p - a potion of haste {unknown}
 r - a potion of resistance {unknown}
 s - a potion of enlightenment {unknown}
 t - a potion of invisibility {unknown}
 A - a potion of heal wounds {unknown}


   Skills:
 + Level 0.9 Fighting
 + Level 1.8 Short Blades
 + Level 4.1 Dodging
 + Level 3.1 Stealth
 * Level 3.7 Spellcasting
 * Level 3.7 Conjurations
 * Level 3.7 Hexes
 * Level 3.7 Summonings
 * Level 3.7 Necromancy
 * Level 3.7 Translocations
 * Level 3.7 Transmutations
 * Level 3.7 Fire Magic
 * Level 3.7 Ice Magic
 * Level 3.7 Air Magic
 * Level 3.7 Earth Magic
 * Level 3.7 Poison Magic


You knew the following spells:

 Your Spells              Type           Power      Damage    Failure   Level
a - Foxfire               Conj/Fire      68%        2x1d7     3%          1
b - Scorch                Fire           34%        2d6       4%          2
c - Volatile Blastmotes   Fire/Tloc      34%        2d12      10%         3
d - Inner Flame           Hex/Fire       17%        N/A       10%         3
e - Flame Wave            Conj/Fire      17%        2d7       30%         4
f - Summon Small Mammal   Summ           68%        N/A       3%          1
g - Ensorcelled Hibernat  Hex/Ice        34%        N/A       4%          2
Your spell library was empty.

Dungeon Overview and Level Annotations

Branches:
Dungeon (6/15)
 Temple: D:4-7

Altars:

Shops:
D:1 (


Innate Abilities, Weirdness & Mutations

You are immune to sickness and miasma.
You are immune to poison.
Your flesh is very heat resistant. (rF++)
You are vulnerable to cold. (rC-)
You float through the air rather than walking.
You learn spells naturally, not from books.
Your magical power is your life essence.
You have superior vitality. (+4 MHP)


Message History

A kobold and a phantom come into view.
Casting: Scorch (safe; 4% risk of failure)
Confirm with . or Enter, or press ? or * to list all spells.
Flames lash the phantom.
The phantom is lightly damaged.
The phantom's fire resistance burns away.
You hear a shout!
Casting: Scorch (safe; 4% risk of failure)
Confirm with . or Enter, or press ? or * to list all spells.
You conjure some foxfire!
You barely miss the phantom.
The phantom is lightly damaged.
The foxfire hits the phantom!
The phantom is burned terribly!
The phantom is heavily damaged.
The foxfire hits the phantom but does no damage.
The phantom is heavily damaged.
The phantom hits you but does no damage.
The phantom hits you. The phantom attacks as you move away!
The phantom hits you.
The phantom is no longer more vulnerable to fire.
The phantom attacks as you move away! The phantom hits you.
The phantom attacks as you move away! The phantom closely misses you.
The ogre attacks as you move away! The ogre closely misses you.
The kobold shouts!
There is a stone staircase leading up here.
The kobold throws a stone.
The stone closely misses you. The phantom hits you.
The ogre hits you with a +0 giant club!
* * * LOW HITPOINT WARNING * * *
You fly upwards.
There is a stone staircase leading down here.
You see here a +0 dagger.
The ogre attacks as you move away! The ogre closely misses you.
The phantom attacks as you move away! The phantom hits you.
* * * LOW HITPOINT WARNING * * *
Casting: Foxfire (safe; 3% risk of failure)
Confirm with . or Enter, or press ? or * to list all spells.
A cloud of volatile blastmotes flares up around you!
* * * LOW HITPOINT WARNING * * *
The phantom hits you.
You die...

# #.##.# #.# #
#.##.# #.# #
#.##.# #.# #
#.##.# #######.# #
#.##.# #.......# #
#....# #.####### #
###..# #.# #..#
#.# #..# #@# #†.#
##### #W#
#..###...###O#
#####..##.....##.#
.......#.......#)#
#####.#..........#
#.#..........#
#.#.........##
#.##....)..##


You could see an ogre and a phantom.

Vanquished Creatures
  A phantom (D:3)
  A hound (D:5)
  A jelly (D:4)
  Jessica (D:3)
  3 adders
  A white imp (D:5)
  An ufetubus (D:5)
  2 worms
  A dart slug (D:3)
  An orc (D:3)
  8 ball pythons
  3 endoplasms
  3 giant cockroaches (D:2)
  8 goblins
  6 hobgoblins
  2 jackals (D:1)
  6 bats
  A frilled lizard (D:1)
  4 kobolds
  6 rats
60 creatures vanquished.

Vanquished Creatures (others)
  101 foxfires
101 creatures vanquished.

Grand Total: 161 creatures vanquished

Notes
Turn   | Place    | Note
-------+----------+-------------------------------------------
     0 | D:1      | jlumianski the Djinni Fire Elementalist began the quest for
                  | the Orb.
     0 | D:1      | jlumianski set off with the following spells memorised:
                  | Foxfire, Scorch, Volatile Blastmotes, Inner Flame, Flame
                  | Wave.
     0 | D:1      | Reached XP level 1. HP: 15/15 MP: 0/0
    95 | D:1      | Reached XP level 2. HP: 20/21 MP: 0/0
   260 | D:1      | You are sucked into a shaft and drop 1 floor!
   422 | D:1      | Found Roophomm's Weapon Shoppe.
   759 | D:2      | Reached skill level 3 in Dodging
   811 | D:2      | Reached XP level 3. HP: 25/25 MP: 0/0
   811 | D:2      | Learned a level 1 spell: Summon Small Mammal
  1365 | D:2      | Reached skill level 1 in Short Blades
  1365 | D:2      | Reached XP level 4. HP: 27/31 MP: 0/0
  1410 | D:3      | Noticed Jessica
  1412 | D:3      | Killed Jessica
  1589 | D:5      | Entered Level 5 of the Dungeon
  1596 | D:5      | Reached XP level 5. HP: 29/36 MP: 0/0
  1596 | D:5      | Learned a level 2 spell: Ensorcelled Hibernation
  1793 | D:4      | Noticed an ogre
  2303 | D:3      | Reached XP level 6. HP: 41/41 MP: 0/0
  2568 | D:3      | Reached skill level 4 in Dodging
  2760 | D:3      | Slain by a phantom

Illustrated notes

Levels and vault maps discovered:
D:1:      wander_arrival_estate, layout_rooms, serial_shops, shop,
          corexii_corridor_pit
D:2:      layout_rooms, basic_altar, kennysheep_another_room
D:3:      layout_loops_ring, uniq_jessica
D:4:      layout_basic, minmay_ruined_shrine, uniq_crazy_yiuf_cottage
D:5:      layout_cave_pools, nicolae_hepliaklqana_monster_ancestors,
          serial_demonic, serial_demonic_a, serial_demonic_g, serial_demonic_b,
          serial_demonic_b
D:6:      layout_cave_pools, minmay_temple_entry_nine_rooms,
          hangedman_abyss_or_decor_stagger

Skill      XL: |  1  2  3  4  5  6 |
---------------+-------------------+-----
Spellcasting   | |  3.7
Conjurations   | |  3.7
Hexes          | |  3.7
Summonings     | |  3.7
Necromancy     | |  3.7
Translocations | |  3.7
Transmutations | |  3.7
Fire Magic     | |  3.7
Ice Magic      | |  3.7
Air Magic      | |  3.7
Earth Magic    | |  3.7
Poison Magic   | |  3.7
Stealth        | 2 3 |  3.1
Dodging        | 3 4 |  4.1
Short Blades   | 1 |  1.8
Fighting       | |  0.9

Action                     |  1- 3 |  4- 6 || total
---------------------------+-------+-------++-------
  Melee: Dagger            |    55 |    62 ||   117
   Cast: Foxfire           |    33 |    26 ||    59
         Scorch            |     4 |     9 ||    13
         Volatile Blastmot |       |     1 ||     1
    Use: Potion            |     1 |       ||     1
   Stab: Sleeping          |     1 |     6 ||     7
 Armour: Robe              |    27 |    30 ||    57
  Dodge: Dodged            |    76 |    69 ||   145

Table legend: (Time is in decaauts)
 A = Elapsed time spent in this place.
 B = Non-inter-level travel time spent in this place.
 C = Inter-level travel time spent in this place.
 D = Time resting spent in this place.
 E = Time spent auto-exploring this place.
 F = Levels seen in this place.
 G = Mean time per level.
                   A        B        C        D        E       F      G
               +--------+--------+--------+--------+--------+-----+--------+
         Total |   2760 |   2637 |    123 |    102 |   1396 |   6 |  460.0 |
       Dungeon |   2760 |   2637 |    123 |    102 |   1396 |   6 |  460.0 |
               +--------+--------+--------+--------+--------+-----+--------+

Top non-repeatable levels by time:
     D:2: 756 daAuts
     D:3: 741 daAuts
     D:1: 651 daAuts
     D:4: 517 daAuts
     D:5: 90 daAuts
     D:6: 1 daAuts
